SAA
LONG ISLAND SEAWOLVES @ RENO SILVER SOX
09/05/2032
 
TOP OF THE 1ST
Long Island Seawolves batting - Pitching for Reno Silver Sox : RHP Jordan Turpin
Pitching: RHP Jordan Turpin
Batting: LHB Takayuki Yoshikawa 0-0: Fly out, F8 (Flyball, 8RS)
Batting: RHB Sheldon Deshotels 0-0: Swinging Strike
0-1: Called Strike
0-2: Foul Ball, location: 2F
0-2: Ball
1-2: Strikes out looking
Batting: LHB Cornelius Taitt 0-0: Ball
1-0: Fly out, F8 (Line Drive, 8RXD)
Top of the 1st over - 0 runs, 0 hits, 0 errors, 0 left on base; Long Island 0 - Reno 0
BOTTOM OF THE 1ST
Reno Silver Sox batting - Pitching for Long Island Seawolves : LHP Jamey Crockett
Pitching: LHP Jamey Crockett
Batting: LHB Roberto Vázquez 0-0: Swinging Strike
0-1: Ball
1-1: Ball
2-1: Called Strike
2-2: SINGLE (Groundball, 4MD)
Batting: RHB Spartak Gonjarov 0-0: Ball
1-0: Ball
2-0: Swinging Strike
2-1: Called Strike
2-2: Ball
3-2: Base on Balls
Roberto Vázquez to second
Batting: RHB Tumas Wenzu 0-0: SINGLE (Line Drive, 7S)
Roberto Vázquez to third
Spartak Gonjarov to second
Batting: RHB Jong-beom Chang 0-0: Called Strike
0-1: Ball
1-1: Ball
2-1: Foul Ball, location: 2F
2-2: Ball
3-2: Grounds into double play, 6-4-3 (Groundball, 6)
Roberto Vázquez scores
Spartak Gonjarov to third
Batting: RHB Landon Edwards 0-0: Ball
1-0: DOUBLE (Flyball, 8LXD)
Spartak Gonjarov scores
Batting: RHB Jean Lechuga 0-0: Swinging Strike
0-1: Ball
1-1: Foul Ball, location: 2F
1-2: Ball
2-2: Foul Ball, location: 2F
2-2: Strikes out swinging
Bottom of the 1st over - 2 runs, 3 hits, 0 errors, 1 left on base; Long Island 0 - Reno 2
TOP OF THE 2ND
Long Island Seawolves batting - Pitching for Reno Silver Sox : RHP Jordan Turpin
Batting: RHB Bill Rinck 0-0: Ball
1-0: Ball
2-0: Ball
3-0: Base on Balls
Batting: LHB Pedro Colón 0-0: Ball
1-0: Ball
2-0: Foul Ball, location: 2F
2-1: Ball
3-1: Called Strike
3-2: SINGLE (Flyball, 8RS)
Bill Rinck to second
Bill Rinck to third
Batting: RHB Júlio Flores 0-0: Ball
1-0: Swinging Strike
1-1: Ball
2-1: Grounds into double play, 6-4-3 (Groundball, 6)
Bill Rinck scores
Batting: RHB Jesús Quintana 0-0: Ball
1-0: Called Strike
1-1: Ball
2-1: Ball
3-1: Base on Balls
Batting: RHB Albert Covington 0-0: Ball
1-0: Ball
2-0: Fly out, F8 (Flyball, 8LS)
Top of the 2nd over - 1 run, 1 hit, 0 errors, 1 left on base; Long Island 1 - Reno 2
BOTTOM OF THE 2ND
Reno Silver Sox batting - Pitching for Long Island Seawolves : LHP Jamey Crockett
Batting: LHB Marcos Costa 0-0: Ball
1-0: Ground out 5-3 (Groundball, 56)
Batting: RHB Juan Laguna 0-0: Fly out, F7 (Flyball, 7LM)
Batting: LHB Luis Aranda 0-0: Ball
1-0: Called Strike
1-1: Foul Ball, location: 2F
1-2: Strikes out swinging
Bottom of the 2nd over - 0 runs, 0 hits, 0 errors, 0 left on base; Long Island 1 - Reno 2
TOP OF THE 3RD
Long Island Seawolves batting - Pitching for Reno Silver Sox : RHP Jordan Turpin
Batting: RHB Juan León 0-0: Ball
1-0: Swinging Strike
1-1: Called Strike
1-2: Strikes out swinging, 2-3 out at first.
Batting: LHB Takayuki Yoshikawa 0-0: Called Strike
0-1: Bunt missed!
0-2: Ball
1-2: SINGLE (Groundball, 4MD)
Batting: RHB Sheldon Deshotels 0-0: Called Strike
0-1: Ball
1-1: Swinging Strike
1-2: Ball
2-2: Ball
3-2: Fly out, F7 (Flyball, 7LMF)
Batting: LHB Cornelius Taitt 0-0: Called Strike
Takayuki Yoshikawa steals 2nd base
0-1: Foul Ball, location: 2F
0-2: Ball
1-2: Strikes out swinging
Top of the 3rd over - 0 runs, 1 hit, 0 errors, 1 left on base; Long Island 1 - Reno 2
BOTTOM OF THE 3RD
Reno Silver Sox batting - Pitching for Long Island Seawolves : LHP Jamey Crockett
Batting: LHB Roberto Vázquez 0-0: Ball
1-0: Fly out, F3 (Line Drive, 3)
Batting: RHB Spartak Gonjarov 0-0: Fly out, F9 (Flyball, 9S)
Batting: RHB Tumas Wenzu 0-0: Ball
1-0: Swinging Strike
1-1: Foul Ball, location: 2F
1-2: Fly out, F4 (Popup, 4S)
Bottom of the 3rd over - 0 runs, 0 hits, 0 errors, 0 left on base; Long Island 1 - Reno 2
TOP OF THE 4TH
Long Island Seawolves batting - Pitching for Reno Silver Sox : RHP Jordan Turpin
Batting: RHB Bill Rinck 0-0: Ball
1-0: Swinging Strike
1-1: Called Strike
1-2: Ball
2-2: Fly out, F3 (Popup, 34)
Batting: LHB Pedro Colón 0-0: Foul Ball, location: 2F
0-1: Hit by Pitch
Batting: RHB Júlio Flores 0-0: Foul Ball, location: 2F
0-1: Ball
1-1: Ball
2-1: Ball
3-1: Foul Ball, location: 2F
3-2: Foul Ball, location: 2F
3-2: Grounds into double play, 6-4-3 (Groundball, 6)
Top of the 4th over - 0 runs, 0 hits, 0 errors, 0 left on base; Long Island 1 - Reno 2
BOTTOM OF THE 4TH
Reno Silver Sox batting - Pitching for Long Island Seawolves : LHP Jamey Crockett
Batting: RHB Jong-beom Chang 0-0: SINGLE (Groundball, 56D)
Batting: RHB Landon Edwards 0-0: Called Strike
0-1: Foul Ball, location: 2F
0-2: Ball
1-2: Strikes out looking
Batting: RHB Jean Lechuga 0-0: Called Strike
0-1: Fielders Choice at 2nd, 5-4 (Groundball, 56)
Batting: LHB Marcos Costa 0-0: Ball
1-0: Fly out, F8 (Flyball, 8RD)
Bottom of the 4th over - 0 runs, 1 hit, 0 errors, 1 left on base; Long Island 1 - Reno 2
TOP OF THE 5TH
Long Island Seawolves batting - Pitching for Reno Silver Sox : RHP Jordan Turpin
Batting: RHB Jesús Quintana 0-0: Called Strike
0-1: Foul Ball, location: 2F
0-2: Ball
1-2: Ground out 4-3 (Groundball, 4)
Batting: RHB Albert Covington 0-0: Foul Ball, location: 2F
0-1: Swinging Strike
0-2: Foul Ball, location: 2F
0-2: Fly out, F9 (Flyball, 89S)
Now in RF: Roy Burns
Batting: RHB Juan León 0-0: Ball
1-0: Called Strike
1-1: Swinging Strike
1-2: Strikes out looking
Top of the 5th over - 0 runs, 0 hits, 0 errors, 0 left on base; Long Island 1 - Reno 2
BOTTOM OF THE 5TH
Reno Silver Sox batting - Pitching for Long Island Seawolves : LHP Jamey Crockett
Batting: RHB Roy Burns 0-0: Swinging Strike
0-1: Ball
1-1: Called Strike
1-2: Ball
2-2: Strikes out swinging
Batting: LHB Luis Aranda 0-0: Ball
1-0: Ball
2-0: Ground out 4-3 (Groundball, 4)
Batting: LHB Roberto Vázquez 0-0: Called Strike
0-1: Swinging Strike
0-2: Ball
1-2: Foul Ball, location: 2F
1-2: Fly out, F9 (Flyball, 9)
Bottom of the 5th over - 0 runs, 0 hits, 0 errors, 0 left on base; Long Island 1 - Reno 2
TOP OF THE 6TH
Long Island Seawolves batting - Pitching for Reno Silver Sox : RHP Jordan Turpin
Batting: LHB Takayuki Yoshikawa 0-0: Ground out 1-3 (Groundball, 13)
Batting: RHB Sheldon Deshotels 0-0: Foul Ball, location: 2F
0-1: Swinging Strike
0-2: Fly out, F8 (Flyball, 8LS)
Batting: LHB Cornelius Taitt 0-0: Swinging Strike
0-1: Foul Ball, location: 2F
0-2: Strikes out swinging
Top of the 6th over - 0 runs, 0 hits, 0 errors, 0 left on base; Long Island 1 - Reno 2
BOTTOM OF THE 6TH
Reno Silver Sox batting - Pitching for Long Island Seawolves : LHP Jamey Crockett
Batting: RHB Spartak Gonjarov 0-0: Ball
1-0: Swinging Strike
1-1: Ball
2-1: Swinging Strike
2-2: Ball
3-2: Foul Ball, location: 2F
3-2: Strikes out swinging
Batting: RHB Tumas Wenzu 0-0: Fly out, F9 (Line Drive, 89S)
Batting: RHB Jong-beom Chang 0-0: Called Strike
0-1: Ball
1-1: Swinging Strike
1-2: Foul Ball, location: 2F
1-2: Ball
2-2: Strikes out swinging
Bottom of the 6th over - 0 runs, 0 hits, 0 errors, 0 left on base; Long Island 1 - Reno 2
TOP OF THE 7TH
Long Island Seawolves batting - Pitching for Reno Silver Sox : RHP Jordan Turpin
Batting: RHB Bill Rinck 0-0: Ball
1-0: Called Strike
1-1: Fly out, F8 (Flyball, 89D)
Batting: LHB Pedro Colón 0-0: Ball
1-0: Called Strike
1-1: Ball
2-1: Called Strike
2-2: Foul Ball, location: 2F
2-2: SINGLE (Flyball, 78M)
Pinch Runner at 1st Bryant Skelly:
Pinch Hitting: LHB Marcos Deleón 0-0: Ball
1-0: Ball
2-0: Called Strike
2-1: Foul Ball, location: 2F
2-2: Ground out 4-3 (Groundball, 34)
Bryant Skelly to second
Batting: RHB Jesús Quintana 0-0: Called Strike
0-1: Ball
1-1: Ball
2-1: Fly out, F8 (Flyball, 8LM)
Top of the 7th over - 0 runs, 1 hit, 0 errors, 1 left on base; Long Island 1 - Reno 2
BOTTOM OF THE 7TH
Reno Silver Sox batting - Pitching for Long Island Seawolves : LHP Jamey Crockett
Now at 3B: Marcos Deleón
Now in LF: Bryant Skelly
Batting: RHB Landon Edwards 0-0: Called Strike
0-1: Ball
1-1: Called Strike
1-2: Foul Ball, location: 2F
1-2: Ball
2-2: Ball
3-2: Foul Ball, location: 2F
3-2: Strikes out looking
Batting: RHB Jean Lechuga 0-0: Swinging Strike
0-1: Swinging Strike
0-2: Strikes out swinging
Batting: LHB Marcos Costa 0-0: SINGLE (Groundball, 56D)
Batting: RHB Roy Burns 0-0: Fly out, F8 (Line Drive, 78D)
Bottom of the 7th over - 0 runs, 1 hit, 0 errors, 1 left on base; Long Island 1 - Reno 2
TOP OF THE 8TH
Long Island Seawolves batting - Pitching for Reno Silver Sox : RHP Jordan Turpin
Batting: RHB Albert Covington 0-0: Ball
1-0: Foul Ball, location: 2F
1-1: Ball
2-1: Foul Ball, location: 2F
2-2: Strikes out swinging
Batting: RHB Juan León 0-0: Ball
1-0: Ball
2-0: Foul Ball, location: 2F
2-1: Ball
3-1: Fly out, F4 (Popup, 4MD)
Batting: LHB Takayuki Yoshikawa 0-0: Ball
1-0: Called Strike
1-1: Ball
2-1: Ball
3-1: Base on Balls
Pitching: RHP Bob Christison
Batting: RHB Sheldon Deshotels 0-0: Ball
1-0: Foul Ball, location: 2F
1-1: Ground out 5-3 (Groundball, 56S)
Top of the 8th over - 0 runs, 0 hits, 0 errors, 1 left on base; Long Island 1 - Reno 2
BOTTOM OF THE 8TH
Reno Silver Sox batting - Pitching for Long Island Seawolves : LHP Jamey Crockett
Batting: LHB Luis Aranda 0-0: Foul Ball, location: 2F
0-1: Ball
1-1: Swinging Strike
1-2: Strikes out swinging
Batting: LHB Roberto Vázquez 0-0: Ground out 4-3 (Groundball, 34D)
Batting: RHB Spartak Gonjarov 0-0: Fly out, F9 (Flyball, 9S)
Bottom of the 8th over - 0 runs, 0 hits, 0 errors, 0 left on base; Long Island 1 - Reno 2
TOP OF THE 9TH
Long Island Seawolves batting - Pitching for Reno Silver Sox : RHP Bob Christison
Now at C: Elijah Seymour
Now at 3B: David Meléndez
Batting: LHB Cornelius Taitt 0-0: Called Strike
0-1: Ball
1-1: Foul Ball, location: 2F
1-2: Ball
2-2: Ball
3-2: Ground out 4-3 (Groundball, 4)
Batting: RHB Bill Rinck 0-0: Ball
1-0: Called Strike
1-1: Foul Ball, location: 2F
1-2: Strikes out looking
Batting: RHB Bryant Skelly 0-0: Called Strike
0-1: Ball
1-1: Ball
2-1: Ball
3-1: Called Strike
3-2: Base on Balls
Batting: LHB Marcos Deleón 0-0: Ball
1-0: SINGLE (Groundball, 34D)
Bryant Skelly to second
Runner from 2nd tries for 3rd, SAFE, no throw
Batting: RHB Jesús Quintana 0-0: Called Strike
0-1: Ball
1-1: Ball
2-1: SINGLE (Groundball, 34D)
Bryant Skelly scores
Marcos Deleón to second
Runner from 2nd tries for 3rd, OUT!
Top of the 9th over - 1 run, 2 hits, 0 errors, 1 left on base; Long Island 2 - Reno 2
BOTTOM OF THE 9TH
Reno Silver Sox batting - Pitching for Long Island Seawolves : LHP Jamey Crockett
Pinch Hitting: RHB George Albaugh 0-0: Ball
1-0: SINGLE (Flyball, 78M)
Batting: RHB Elijah Seymour 0-0: Foul Ball, location: 2F
0-1: SINGLE (Flyball, 8RS)
George Albaugh to second
Batting: RHB Landon Edwards 0-0: Called Strike
0-1: Called Strike
0-2: Hit by Pitch
George Albaugh to third
Elijah Seymour to second
Batting: RHB Jean Lechuga 0-0: Foul Ball, location: 2F
0-1: Swinging Strike
0-2: Ball
1-2: Foul Ball, location: 2F
1-2: Fly out, F7 (Flyball, 7LS)
Runner from 3rd tags up, SCORES, throw made
Wednesday, September 19th, 2018 - OOTP Baseball 18.8 Build 76